AoeStats
← tavoo

Hideout

508056151Analyzed
1v1 RM · 13d ago on Sep 20, 2026· 54m 39s· 2 players
Game mode
Random Map
Map size
Tiny (2 player)
Population
200
Speed
Normal
Resources
Standard
Victory
Conquest
Starting age
Dark Age
Ending age
Imperial Age
RankedLock teamsTeams togetherTeam positionsShared explorationLock speedFull tech treeHidden civsTurbo modeCheats
Victory
Defeat
🇩🇪 Armenians · Germany
1414
+17
🇲🇽 Persians · Mexico
1444
-17
Klaus
8:07 Loom
10:12 Feudal Age
10:23 Man-at-Arms
10:51 Double-Bit Axe
11:16 Long Swordsman
12:01 Horse Collar
13:25 Wheelbarrow
13:57 Scale Mail Armor
16:18 Fletching
18:13 Padded Archer Armor
23:08 Castle Age
21:21 Gold Mining
23:44 Bodkin Arrow
23:12 Elite Skirmisher
24:27 Bow Saw
25:03 Leather Archer Armor
25:57 Hand Cart
25:51 Heavy Plow
28:51 Gold Shaft Mining
29:10 Ballistics
30:42 Stone Mining
32:21 Town Watch
36:14 Imperial Age
37:00 Bracer
38:03 Chemistry
38:32 Ring Archer Armor
39:09 Conscription
40:09 Elite Composite Bowman
41:38 Illumination
41:33 Block Printing
42:42 Redemption
46:11 Two-Handed Swordsman
46:36 Gambesons
46:53 Scale Mail Armor
47:03 Forging
47:00 Fereters
46:23 Pikeman
46:51 Halberdier
47:32 Squires
48:34 Chain Mail Armor
48:57 Hoardings
48:35 Masonry
47:51 Champion
48:24 Arson
49:17 Iron Casting
50:54 Plate Mail Armor
49:52 Capped Ram
52:24 Siege Ram
tavoo
7:05 Loom
9:13 Feudal Age
9:36 Double-Bit Axe
15:01 Fletching
19:50 Castle Age
18:18 Padded Archer Armor
18:37 Gold Mining
20:01 Scale Barding Armor
19:45 Crossbowman
23:24 Bodkin Arrow
25:42 Fervor
26:41 Wheelbarrow
27:50 Devotion
28:19 Husbandry
31:13 Bow Saw
32:01 Hand Cart
31:41 Stone Mining
32:28 Gold Shaft Mining
33:36 Masonry
35:59 Chain Barding Armor
39:43 Imperial Age
37:41 Forging
39:19 Bloodlines
39:34 Town Watch
40:27 Iron Casting
40:08 Elite Skirmisher
41:12 Ballistics
40:28 Cavalier
42:13 Chemistry
41:30 Light Cavalry
43:15 Blast Furnace
45:26 Leather Archer Armor
46:47 Ring Archer Armor
48:06 Town Patrol
48:03 Horse Collar
50:02 Conscription
49:56 Heavy Plow
50:48 Architecture
51:00 Stone Shaft Mining
50:34 Kamandaran
51:39 Thumb Ring
51:04 Savar
51:42 Hussar
53:03 Savar
Connection lost

Rejoining the realm…

Still unreachable

The connection could not be restored.

Session expired

The server has moved on; the page needs a fresh start.